Map: At Eternity's Edge LE

Players

RodroS - Winner!

  • Race: Protoss Protoss
  • League: Silver

Aurelius

  • Race: Zerg Zerg
  • League: Gold

VOD

Have the link to the VOD?

Description

Time

  • Played on: Aug. 4, 2026, 11:16 a.m.
  • Length: 12:16
Show
View Real Time Build Order
Export as new Build Order

RodroS Protoss - Winner!

Build Orders:  

Get SALT Encoding   

  8  0:00  Probe (Chrono Boost)  
  9  0:18  Pylon  
  9  0:37  Forge  
  9  0:41  Probe  
  10  0:53  Probe  
  11  1:06  Probe  
  12  1:20  Pylon  
  12  1:21  Probe (Chrono Boost)  
  13  1:30  Probe (Chrono Boost)  
  14  1:39  Photon Cannon  
  14  1:43  Pylon  
  15  1:47  Probe  
  15  1:58  Pylon  
  15  2:17  Photon Cannon  
  15  2:27  Probe (Chrono Boost)  
  16  2:36  Photon Cannon  
  16  2:37  Probe (Chrono Boost)  
  17  2:43  Pylon  
  17  2:55  Photon Cannon  
  17  3:00  Pylon  
  17  3:07  Gateway  
  17  3:16  Pylon  
  17  3:23  Probe (Chrono Boost)  
  17  3:24  Photon Cannon  
  18  3:33  Probe (Chrono Boost)  
  19  3:35  Photon Cannon  
  19  3:44  Photon Cannon  
  19  3:57  Photon Cannon  
  19  4:06  Zealot  
  21  4:14  Pylon  
  21  4:18  Photon Cannon  
  21  4:19  Photon Cannon  
  21  4:31  Pylon  
  21  4:33  Zealot  
  23  4:41  Photon Cannon  
  23  4:42  Photon Cannon  
  23  4:52  Pylon  
  23  4:55  Photon Cannon  
  23  4:58  Probe  
  22  5:00  Zealot  
  24  5:13  Cybernetics Core  
  24  5:15  Gateway  
  24  5:20  Photon Cannon  
  24  5:23  Pylon  
  24  5:30  Photon Cannon  
  24  5:40  Pylon  
  22  5:44  Zealot  
  22  5:56  Photon Cannon  
  22  6:07  Photon Cannon  
  22  6:08  Probe (Chrono Boost)  
  22  6:09  Photon Cannon  
  23  6:16  Pylon  
  23  6:25  Photon Cannon  
  21  6:33  Shield Battery  
  21  6:37  Photon Cannon  
  21  6:54  Assimilator  
  21  6:57  Assimilator  
  21  7:02  Pylon  
  21  7:03  Photon Cannon  
  21  7:10  Shield Battery  
  21  7:16  Pylon  
  21  7:25  Photon Cannon  
  21  7:37  Photon Cannon  
  21  7:47  Photon Cannon  
  21  7:49  Photon Cannon  
  21  8:02  Pylon  
  21  8:10  Probe  
  22  8:21  Warp Gate  
  22  8:22  Gateway  
  22  8:23  Probe  
  22  8:25  Gateway  
  23  8:35  Pylon  
  23  8:41  Shield Battery  
  23  8:48  Gateway  
  23  8:59  Twilight Council  
  23  9:25  Pylon  
  23  9:48  Photon Cannon  
  23  9:51  Photon Cannon  
  23  9:58  Photon Cannon  
  23  10:00  Pylon  
  23  10:05  Shield Battery  
  23  10:10  Photon Cannon  
  23  10:25  Photon Cannon  
  23  10:32  Photon Cannon  
  23  10:40  Photon Cannon  
  23  10:41  Photon Cannon  
  23  11:14  Pylon  
  23  11:21  Dark Shrine  
  23  11:35  Gateway  
  23  11:37  Pylon  
  23  11:40  Zealot  
  23  11:56  Stalker  
  25  12:06  Zealot  
Show
View Real Time Build Order
Export as new Build Order

Aurelius Zerg 

Build Orders: Pool First 

Get SALT Encoding   

  8  0:03  Drone  
  9  0:12  Drone  
  10  0:20  Drone  
  11  0:29  Overlord  
  11  0:35  Drone  
  12  0:48  Drone x2  
  14  0:54  Drone  
  15  1:03  Drone  
  16  1:13  Spawning Pool  
  16  1:14  Drone  
  16  2:03  Roach Warren  
  16  2:06  Zergling x2  
  16  2:07  Zergling x4  
  18  2:10  Queen  
  20  2:18  Overlord  
  19  3:02  Roach Warren  
  18  3:24  Drone x3, Extractor  
  20  3:31  Drone  
  20  3:32  Drone x2  
  20  3:34  Extractor  
  22  3:42  Zergling x2  
  22  4:05  Zergling x6  
  25  4:13  Drone x2  
  27  4:37  Zergling x2  
  28  4:44  Overlord  
  27  4:51  Roach  
  27  5:13  Roach x2  
  27  5:14  Roach  
  31  5:22  Spine Crawler  
  31  5:25  Spine Crawler  
  29  5:29  Roach  
  24  6:05  Roach x5  
  32  6:18  Evolution Chamber  
  31  6:19  Roach x2  
  35  6:35  Drone  
  35  6:36  Overlord x2, Evolution Chamber  
  27  7:04  Roach x3  
  21  7:35  Roach  
  21  7:36  Roach x3  
  25  7:43  Queen  
  27  7:54  Hatchery  
  27  7:55  Zergling x6  
  29  8:05  Zerg Melee Weapons Level 1  
  29  8:06  Zergling x2  
  29  8:11  Baneling Nest  
  29  8:12  Zergling x4  
  31  8:13  Zergling x2  
  31  8:18  Queen  
  34  8:29  Roach x2  
  36  8:43  Roach  
  37  8:56  Baneling x2  
  37  8:57  Baneling x7  
  37  8:59  Ravager x2  
  37  9:02  Zergling x4  
  41  9:10  Zergling x2  
  33  9:43  Roach  
  27  9:58  Zergling x2  
  27  9:59  Zergling x8  
  32  10:04  Extractor  
  28  10:39  Zergling x2  
  28  10:40  Zergling x10  
  31  10:43  Zergling x12  
  24  11:35  Zergling x2  
  24  11:36  Zergling x24  
  37  11:40  Roach  
  39  11:52  Zergling x2  
  39  11:53  Zergling x6  
Tags
 
Add a new tag
Caveats
  • Supply blocks, unpowered buildings, or Contaminate may cause inaccurate times.
  • Supply counts are checked every 10 seconds.